 Dungeon Crawl Stone Soup version 0.23-a0-14-g8c9a20f (webtiles) character file.

803 Loudmushroom the Chopper (level 7, 0/62 HPs)
             Began as a Minotaur Berserker on Aug 2, 2018.
             Was a Priest of Trog.
             Succumbed to kobold's curare-tipped needle
             ... on level 4 of the Dungeon.
             The game lasted 00:17:45 (3781 turns).

Loudmushroom the Chopper (Minotaur Berserker)       Turns: 3781, Time: 00:17:46

Health: 0/62       AC:  9    Str: 21    XL:     7   Next: 59%
Magic:  6/6        EV: 10    Int:  4    God:    Trog [***...]
Gold:   215        SH:  0    Dex: 12    Spells: 6/6 levels left

rFire    . . .     SeeInvis .   a - +0 hand axe
rCold    . . .     Gourm    .   (no shield)
rNeg     . . .     Faith    .   k - +0 chain mail
rPois    .         Spirit   .   (helmet restricted)
rElec    .         Reflect  .   (no cloak)
rCorr    .         Harm     .   (no gloves)
MR       .....                  (no boots)
Stlth    ..........             (no amulet)
HPRegen  0.20/turn              (no ring)
MPRegen  0.10/turn              (no ring)

@: lethally poisoned (0 -> -21), slowed, very slow
A: retaliatory headbutt, horns 2
a: Berserk, Trog's Hand, Renounce Religion


You were on level 4 of the Dungeon.
You worshipped Trog.
Trog was most pleased with you.
You were not hungry.

You visited 1 branch of the dungeon, and saw 4 of its levels.

You collected 215 gold pieces.

Inventory:

Hand Weapons
 a - a +0 hand axe (weapon)
 b - a +0 shortbow
 s - a +0 flail of draining
 x - a +0 blowgun
Missiles
 i - 79 stones
 l - 15 sling bullets
 p - 41 arrows
 u - 7 tomahawks (quivered)
 v - 23 bolts
 w - a throwing net
 y - 20 poisoned needles
 F - a curare-tipped needle
Armour
 j - a +0 buckler
 k - a +0 chain mail (worn)
Jewellery
 o - an uncursed amulet of guardian spirit {unknown}
Wands
 A - a wand of random effects (26)
Scrolls
 d - 7 scrolls of identify {unknown}
 e - 3 scrolls of teleportation {unknown}
 f - a scroll of noise {unknown}
 g - 2 scrolls of fog {unknown}
 h - a scroll of blinking {unknown}
 r - a scroll of magic mapping {unknown}
 t - a scroll of random uselessness {unknown}
 B - 2 scrolls of fear {unknown}
Potions
 m - a potion of agility {unknown}
 n - a potion of heal wounds {unknown}
 q - a potion of haste {unknown}
 z - a potion of curing {unknown}
 C - a potion of lignification {unknown}
 D - a potion of brilliance {unknown}
 E - a potion of berserk rage {unknown}
Comestibles
 c - 7 rations


   Skills:
 + Level 5.7 Fighting
 * Level 7.5 Axes
 + Level 5.1 Armour
 + Level 4.6 Dodging


You had 6 spell levels left.
You didn't know any spells.
Your spell library was empty.

Dungeon Overview and Level Annotations

Branches:
Dungeon (4/15)
 Temple: D:4-7

Altars:
Cheibriados
Fedhas
Okawaru
The Shining One


Innate Abilities, Weirdness & Mutations

You reflexively headbutt those who attack you in melee.
You have a pair of horns on your head.


Message History

You are lethally poisoned!
You have difficulty breathing.
* * * LOW HITPOINT WARNING * * *
You feel as though you will be slow longer.
You see here a curare-tipped needle.
* * * LOW HITPOINT WARNING * * *
You feel very sick.
You see here a mace.
You hit the kobold.
You kill the kobold!
Trog accepts your kill.
* * * LOW HITPOINT WARNING * * *
You feel very sick.
* * * LOW HITPOINT WARNING * * *
You feel very sick.
Things that are here:
an uncursed blowgun; an uncursed rapier; 13 gold pieces
* * * LOW HITPOINT WARNING * * *
You feel very sick.
You die...

#.# #. ##.####.# #.##.....#.#####
#..#..##.#...... #.#..##.#.....#
####....#........#
#...#...#........#
#...#..@#........#
#...#...#........#
#...##.)#......###
#...##.)..)....#
##########...##(...)....#
................>.......#
................((..)...###
......############(.......#######
......# ##......#............


There were no monsters in sight!

Vanquished Creatures
  Sigmund (D:3)
  The ghost of tsouns the Magician, an amateur DECj (D:4)
  A centaur (D:2)
  A big kobold (D:4)
  An orc priest (D:3)
  An orc wizard (D:4)
  An iguana (D:4)
  Jessica (D:2)
  Natasha (thrice) (D:2)
  4 adders
  2 worms
  5 dart slugs
  5 leopard geckos
  10 orcs
  A ball python (D:1)
  8 bats
  5 giant cockroaches
  10 goblins
  4 hobgoblins
  16 kobolds
  5 frilled lizards
  4 rats
90 creatures vanquished.

Notes
Turn   | Place    | Note
-------+----------+-------------------------------------------
     0 | D:1      | Loudmushroom the Minotaur Berserker began the quest for the Orb.
     0 | D:1      | Reached XP level 1. HP: 19/19 MP: 0/0
    44 | D:1      | Reached XP level 2. HP: 16/27 MP: 1/1
   200 | D:1      | Reached skill level 4 in Axes
   533 | D:1      | Reached XP level 3. HP: 32/33 MP: 2/2
   548 | D:1      | Reached ** piety under Trog
   882 | D:2      | Noticed Jessica
   889 | D:2      | Killed Jessica
   889 | D:2      | Reached XP level 4. HP: 37/40 MP: 3/3
  1168 | D:2      | Noticed a centaur
  1176 | D:2      | Killed a centaur
  1176 | D:2      | Reached skill level 5 in Axes
  1176 | D:2      | Reached XP level 5. HP: 31/47 MP: 4/4
  1414 | D:2      | Noticed Natasha
  1430 | D:2      | Killed Natasha
  1545 | D:2      | Found an iron altar of Okawaru.
  1669 | D:2      | Noticed Natasha
  1677 | D:2      | Killed Natasha
  1894 | D:2      | Noticed Natasha
  1908 | D:2      | Killed Natasha
  2081 | D:3      | Reached XP level 6. HP: 39/55 MP: 5/5
  2087 | D:3      | Reached skill level 6 in Axes
  2225 | D:3      | Reached *** piety under Trog
  2344 | D:3      | Found a glowing golden altar of the Shining One.
  2547 | D:3      | Noticed Sigmund
  2561 | D:3      | Killed Sigmund
  2561 | D:3      | Reached skill level 5 in Fighting
  2719 | D:3      | Found a snail-covered altar of Cheibriados.
  2948 | D:3      | Found a blossoming altar of Fedhas.
  3164 | D:4      | Reached XP level 7. HP: 58/61 MP: 6/6
  3387 | D:4      | Found a runed gate.
  3391 | D:4      | Noticed tsouns's ghost (amateur DECj)
  3392 | D:4      | Found a runed gate.
  3392 | D:4      | Found a runed gate.
  3406 | D:4      | Killed tsouns's ghost
  3406 | D:4      | Reached skill level 7 in Axes
  3406 | D:4      | Reached skill level 5 in Armour
  3780 | D:4      | HP: 3/62 [poisoned by kobold (curare-tipped needle)]
  3781 | D:4      | Succumbed to kobold's curare-tipped needle

Vault maps used:
D:1:      eino_arrival_druids_welcome, hex_tiny, grunt_decor_clamped
D:2:      okawaru_ov_weapons_minmay, uniq_jessica, uniq_natasha
D:3:      cheibrodos_pilgrimage, nicolae_overflow_hidden_temple,
          kennysheep_slug_shrine, lemuel_round_altar, first_ration, uniq_sigmund
D:4:      lemuel_zombie_altar_kikubaaqudgha, gammafunk_ghost_nasty_kobolds,
          minmay_door_square

Skill      XL: |  1  2  3  4  5  6  7 |
---------------+----------------------+-----
Axes           | 4 5 6 7 |  7.5
Fighting       | 4 5 |  5.7
Armour         | 3 4 5 |  5.1
Dodging        | 3 4 |  4.6

Action                   |  1- 3 |  4- 6 |  7- 9 || total
-------------------------+-------+-------+-------++-------
Melee: Hand axe          |    68 |    97 |    18 ||   183
       Headbutt          |    10 |    16 |     2 ||    28
 Fire: Shortbow          |       |    17 |       ||    17
Throw: Stone             |       |     6 |       ||     6
Invok: Trog's Hand       |     1 |     2 |     1 ||     4
       Berserk           |       |       |     1 ||     1
  Eat: Chunk             |       |     8 |     3 ||    11
Armor: Animal skin       |    15 |       |       ||    15
       Chain mail        |     7 |    50 |    13 ||    70
Dodge: Dodged            |    42 |    48 |    18 ||   108
Block: Buckler           |     6 |     2 |       ||     8

Table legend:
 A = Spawn XP
 B = Non-spawn XP
 C = Spawn XP percentage of total XP
 D = Spawn monster count
 E = Non-spawn monster count
 F = Spawn count percentage of total count
 G = Total turns spent on level
                    A         B        C        D         E        F      G
               +---------+---------+-------+---------+---------+-------+---------
         Total |       0 |    1148 |   0.0 |       0 |      90 |   0.0 |  3781
               +---------+---------+-------+---------+---------+-------+---------
           D:1 |       0 |      55 |   0.0 |       0 |      29 |   0.0 |   846
           D:2 |       0 |     304 |   0.0 |       0 |      19 |   0.0 |  1137
           D:3 |       0 |     336 |   0.0 |       0 |      24 |   0.0 |  1010
           D:4 |       0 |     453 |   0.0 |       0 |      18 |   0.0 |   788
               +---------+---------+-------+---------+---------+-------+---------
